 Dungeon Sprint DCSS version 0.17-a0-1648-g0a089d4 (webtiles) character file.

1388 ztt the Cleaver (level 8, -3/51 HPs)
             Began as a Vine Stalker Berserker on Aug 12, 2015.
             Was an Elder of Trog.
             Slain by a demonic crawler (13 damage)
             ... in the Dungeon (Sprint I: "Red Sonja").
             The game lasted 00:04:21 (686 turns).

ztt the Cleaver (Vine Stalker Berserker)             Turns: 686, Time: 00:04:22

Health: -3/51      AC:  3    Str: 21    XL:     8   Next: 67%
Magic:  0/9        EV: 17    Int:  7    God:    Trog [****..]
Gold:   62         SH:  0    Dex: 15    Spells: 0 memorised, 7 levels left

rFire  . . .     SeeInvis .     a - +1 hand axe
rCold  . . .     Clarity  .     b - +0 animal skin
rNeg   . . .     SustAt   .     (no shield)
rPois  .         Gourm    .     (no helmet)
rElec  .         Spirit   +     (no cloak)
rCorr  .         Warding  .     k - +0 pair of gloves
rMut   .         NoTele   +     (no boots)
MR     +....                    (no amulet)
Stlth  ++........               (no ring)
                                (no ring)

@: exhausted, slowed, very slow, somewhat resistant to hostile enchantments,
unstealthy
A: fangs 3, regeneration 2, magic shield, antimagic bite, no device heal 3, rot
immunity
a: Burn Spellbooks, Berserk, Trog's Hand, Brothers in Arms, Renounce Religion


You were in the Dungeon.
You worshipped Trog.
Trog was greatly pleased with you.
You were not hungry.

You visited 1 branch You collected 431 gold pieces.
You spent 369 gold pieces at shops.

Inventory:

Hand weapons
 a - a +1 hand axe (weapon)
Armour
 b - a +0 animal skin (worn)
 k - a +0 pair of gloves (worn)
Scrolls
 i - a scroll of blinking
Potions
 d - a potion of curing
 e - a potion of heal wounds
 f - 2 potions of haste
 g - 2 potions of magic
 h - a potion of berserk rage
Comestibles
 c - a beef jerky
 j - a meat ration


   Skills:
 + Level 10.4 Fighting
 + Level 10.5 Axes
 + Level 4.6 Armour
 + Level 7.7 Dodging
 + Level 1.8 Stealth


You had 7 spell levels left.
You didn't know any spells.

Dungeon Overview and Level Annotations

Branches:
Dungeon (1/1)

Altars:
Cheibriados
Dithmenos
Elyvilon
Fedhas
Gozag
Kikubaaqudgha
Makhleb
Nemelex Xobeh
Okawaru
Qazlal
Ru
Sif Muna
Trog
Vehumet
Xom
Yredelemnul
Zin
The Shining One
Jiyva

Shops:
D *


Innate Abilities, Weirdness & Mutations

You have razor-sharp teeth.
You heal very quickly.
When hurt, damage is shared between your health and your magic reserves.
Your bite disrupts and absorbs the magic of your enemies.
Potions and wands cannot restore your health.
You are immune to rotting.


Message History

The demonic crawler misses you. The demonic crawler hits you!
The demonic crawler misses you.
The demonic crawler completely misses you.
The demonic crawler hits you! x2
The demonic crawler hits you but does no damage. x2
The demonic crawler closely misses you. The demonic crawler misses you.
The demonic crawler barely misses you. The demonic crawler hits you.
The demonic crawler hits you! The demonic crawler hits you.
* * * LOW HITPOINT WARNING * * *
The demonic crawler hits you but does no damage.
The demonic crawler hits you.
* * * LOW HITPOINT WARNING * * *
The demonic crawler misses you. The demonic crawler barely misses you.
There is a stormy altar of Qazlal, spattered with blood here.
The demonic crawler barely misses you. The demonic crawler misses you.
The demonic crawler closely misses you. The demonic crawler hits you.
* * * LOW HITPOINT WARNING * * *
The demonic crawler hits you!
You die...

##########################
#<.#.)'..#..'..#__#.s'.ss#
#..)..#..)..#..'..'..#...#
#..#####'#####'#__#### ..s
#..####..#...#.####(!# ##
#..#__####..##[#§≈≈§c
#..#_..__##)#..+≈§≈§
#⌠⌠#_.∩.s@'..._#§≈≈§
####_...s##_.#'##+###
#_____###+#.# ####### ###


You could see 2 demonic crawlers.

Vanquished Creatures
  A demonic crawler (D)
  2 kobold demonologists (D)
  A slime creature (D)
  A yak (D)
  Sigmund (D)
  An ogre (D)
  Ijyb (D)
  A jelly (D)
9 creatures vanquished.

Vanquished Creatures (others)
  A gargoyle (D)
1 creature vanquished.

Grand Total: 10 creatures vanquished

Notes
Turn   | Place    | Note
--------------------------------------------------------------
     0 | D        | ztt the Vine Stalker Berserker began the quest for the Orb.
     0 | D        | Reached XP level 1. HP: 11/11 MP: 2/2
     1 | D        | Noticed Ijyb
    11 | D        | Killed Ijyb
    11 | D        | Reached skill level 4 in Fighting
    11 | D        | Reached XP level 2. HP: 9/17 MP: 3/3
    11 | D        | Reached XP level 3. HP: 11/21 MP: 4/4
    55 | D        | Noticed an ogre
    61 | D        | Killed an ogre
    61 | D        | Acquired Trog's second power
    61 | D        | Reached skill level 5 in Fighting
    61 | D        | Reached skill level 5 in Axes
    61 | D        | Reached XP level 4. HP: 28/28 MP: 5/5
    79 | D        | Noticed Sigmund
    92 | D        | Killed a gargoyle
   118 | D        | Killed Sigmund
   118 | D        | Reached skill level 7 in Fighting
   118 | D        | Reached XP level 5. HP: 11/33 MP: 4/6
   118 | D        | Gained mutation: You heal very quickly. [Vine Stalker growth]
   118 | D        | Reached XP level 6. HP: 12/38 MP: 4/7
   278 | D        | Found a deep blue altar of Sif Muna.
   279 | D        | Noticed a jelly
   280 | D        | Found a radiant altar of Vehumet.
   286 | D        | Killed a jelly
   333 | D        | Found a viscous altar of Jiyva.
   333 | D        | Found a blossoming altar of Fedhas.
   333 | D        | Noticed a slime creature
   334 | D        | Found a snail-covered altar of Cheibriados.
   334 | D        | Found a shadowy altar of Dithmenos.
   345 | D        | Killed a slime creature
   345 | D        | Reached skill level 8 in Fighting
   345 | D        | Reached skill level 5 in Dodging
   345 | D        | Reached XP level 7. HP: 40/44 MP: 8/8
   395 | D        | Found Nemoas's General Store.
   395 | D        | Found a white marble altar of Elyvilon.
   395 | D        | Found a stormy altar of Qazlal.
   395 | D        | Found a basalt altar of Yredelemnul.
   395 | D        | Found an iron altar of Okawaru.
   395 | D        | Found a sparkling altar of Nemelex Xobeh.
   395 | D        | Found a shimmering altar of Xom.
   395 | D        | Found an ancient bone altar of Kikubaaqudgha.
   395 | D        | Noticed a yak
   413 | D        | Killed a yak
   413 | D        | Reached skill level 9 in Fighting
   414 | D        | Found a burning altar of Makhleb.
   414 | D        | Found a sacrificial altar of Ru.
   414 | D        | Found a glowing golden altar of the Shining One.
   414 | D        | Found an opulent altar of Gozag.
   414 | D        | Found a glowing silver altar of Zin.
   475 | D        | Found a bloodstained altar of Trog.
   479 | D        | Bought a scroll of enchant weapon for 97 gold pieces
   479 | D        | Bought a potion of haste for 130 gold pieces
   510 | D        | Noticed a kobold demonologist
   516 | D        | Noticed a kobold demonologist
   535 | D        | Killed a kobold demonologist
   535 | D        | Reached skill level 1 in Stealth
   535 | D        | Gained mutation: You have razor-sharp teeth. [Vine Stalker growth]
   535 | D        | Reached XP level 8. HP: 50/50 MP: 9/9
   595 | D        | Killed a kobold demonologist
   595 | D        | Acquired Trog's third power
   595 | D        | Reached skill level 10 in Fighting
   595 | D        | Reached skill level 10 in Axes
   600 | D        | Noticed a demonic crawler
   600 | D        | Noticed a demonic crawler
   600 | D        | Noticed a demonic crawler
   600 | D        | Noticed a demonic crawler
   625 | D        | Bought a beef jerky for 19 gold pieces
   625 | D        | Bought a meat ration for 65 gold pieces
   625 | D        | Bought a +0 pair of gloves for 58 gold pieces
   642 | D        | Noticed a centaur warrior
   668 | D        | Killed a demonic crawler
   686 | D        | Slain by a demonic crawler

Vault maps used:
D:        dungeon_sprint_1

Action                   |  1- 3 |  4- 6 |  7- 9 || total
-------------------------+-------+-------+-------++-------
Melee: Hand axe          |     9 |    13 |    34 ||    56
Invok: Berserk           |     2 |     2 |     3 ||     7
  Use: Scroll            |       |       |     1 ||     1
  Eat: Chunk             |       |     1 |     2 ||     3
       Bread ration      |       |       |     1 ||     1
